AoeStats
← RICARDONE ES SABALERO

Fortress

508553206Analyzed
4v4 RM · 9d ago on Sep 23, 2026· 45m 56s· 8 players
Game mode
Random Map
Map size
Huge
Population
200
Speed
Normal
Resources
Standard
Victory
Conquest
Starting age
Dark Age
Ending age
Imperial Age
RankedLock teamsTeams togetherTeam positionsShared explorationLock speedFull tech treeHidden civsTurbo modeCheats
Victory
Defeat
🇺🇸 Armenians · United States
1264
+12
🇺🇸 Burgundians · United States
1264
+12
🇲🇽 Bengalis · Mexico
1242
+12
🇲🇽 Persians · Mexico
1226
+13
🇦🇷 Saracens · Argentina
1192
-14
🇹🇼 Huns · Taiwan
1183
-13
🇦🇷 Mapuche · Argentina
1162
-12
🇦🇷 Saxons · Argentina
1118
-10
RICARDONE ES SABALERO
5:53 Loom
7:39 Feudal Age
9:14 Double-Bit Axe
11:59 Castle Age
10:06 Loom
10:40 Horse Collar
12:56 Bow Saw
12:49 Heavy Plow
13:56 Wheelbarrow
13:57 Loom
18:15 Hand Cart
17:48 Town Watch
19:46 Forging
19:39 Gold Mining
20:06 Stone Mining
21:21 Gold Shaft Mining
21:58 Ballistics
22:36 Padded Archer Armor
27:37 Imperial Age
25:14 Fletching
26:12 Thumb Ring
26:19 Thumb Ring
26:42 Bodkin Arrow
27:20 Fortified Wall
26:48 Pikeman
27:29 Squires
27:14 Gambesons
28:25 Bracer
28:14 Halberdier
28:38 Cranequins
30:32 Two-Man Saw
30:42 Conscription
30:05 Heavy Mounted Crossbowman
30:43 Gambesons
30:43 Arson
31:25 Town Patrol
32:12 Leather Archer Armor
33:27 Ring Archer Armor
32:58 Scale Mail Armor
33:09 Forging
33:03 Onager
34:27 Shield Wall
37:22 Illumination
36:57 Devotion
37:18 Sanctity
37:08 Redemption
36:58 Atonement
37:41 Chain Mail Armor
38:16 Block Printing
37:24 Clerical Recruitment
39:41 Sanctity
39:24 Devotion
40:04 Theocracy
Speechless
9:10 Feudal Age
12:51 Castle Age
11:27 Double-Bit Axe
11:24 Horse Collar
12:58 Loom
14:02 Heavy Plow
14:33 Bow Saw
14:32 Gold Mining
16:12 Wheelbarrow
18:09 Scale Barding Armor
18:23 Bloodlines
20:26 Chain Barding Armor
21:28 Forging
23:46 Hand Cart
24:15 Gold Shaft Mining
23:31 Stone Mining
28:38 Imperial Age
27:43 Iron Casting
28:03 Caravan
28:55 Marauders
29:03 Elite Tarkan
31:50 Two-Man Saw
31:45 Marauders
32:06 Conscription
32:23 Plate Barding Armor
32:49 Blast Furnace
32:30 Husbandry
33:47 Light Cavalry
44:24 Chemistry
43:44 Ballistics
43:16 Fletching
43:27 Padded Archer Armor
44:09 Bodkin Arrow
44:31 Leather Archer Armor
43:37 Heavy Cavalry Archer
44:44 Parthian Tactics
44:26 Thumb Ring
44:42 Masonry
45:10 Pikeman
45:50 Squires
45:52 Scale Mail Armor
45:54 Bracer
Amante Peludo
8:40 Feudal Age
10:53 Wheelbarrow
13:10 Castle Age
10:55 Horse Collar
11:00 Double-Bit Axe
12:09 Loom
19:35 Heavy Plow
22:06 Gold Mining
23:19 Forging
26:37 Imperial Age
25:21 Gold Shaft Mining
25:08 Ballistics
26:09 Iron Casting
27:42 Conscription
28:01 Hand Cart
28:25 Malon
29:46 Blast Furnace
29:58 Bow Saw
30:19 Crop Rotation
30:42 Butalmapu
32:57 Scale Mail Armor
32:35 Pikeman
33:08 Halberdier
34:22 Chain Mail Armor
35:16 Fletching
35:27 Padded Archer Armor
34:49 Elite Skirmisher
36:35 Bodkin Arrow
36:55 Leather Archer Armor
37:11 Plate Mail Armor
36:51 Elite Bolas Rider
39:11 Chemistry
ta mal ito
7:07 Feudal Age
6:48 Loom
8:02 Double-Bit Axe
12:47 Castle Age
10:52 Horse Collar
14:59 Bow Saw
16:09 Heavy Plow
18:07 Scale Barding Armor
19:28 Masonry
19:54 Forging
24:34 Loom
27:25 Fletching
30:26 Wheelbarrow
30:11 Gold Mining
31:32 Ballistics
31:51 Chain Barding Armor
33:01 Hand Cart
37:42 Imperial Age
36:25 Masonry
39:17 Bodkin Arrow
Caronte
7:26 Feudal Age
11:39 Castle Age
9:54 Double-Bit Axe
9:52 Horse Collar
11:26 Wheelbarrow
16:45 Loom
17:14 Town Watch
22:01 Forging
23:17 Bow Saw
27:45 Imperial Age
25:21 Stone Mining
25:21 Gold Mining
25:49 Scale Barding Armor
26:42 Iron Casting
26:51 Chain Barding Armor
27:46 Hand Cart
28:22 Conscription
28:19 Bloodlines
28:09 Husbandry
29:28 Blast Furnace
28:21 Cavalier
30:20 Plate Barding Armor
30:42 Gold Shaft Mining
30:42 Stone Shaft Mining
30:17 Devotion
30:34 Heavy Plow
30:39 Caravan
30:42 Light Cavalry
33:14 Elite War Elephant
34:26 Fletching
34:37 Padded Archer Armor
35:12 Bodkin Arrow
35:39 Ballistics
36:20 Chemistry
35:14 Elite Skirmisher
35:59 Thumb Ring
37:31 Leather Archer Armor
39:21 Ring Archer Armor
39:52 Hussar
44:16 Savar
47:22 Two-Man Saw
Morfeo
6:59 Feudal Age
11:10 Castle Age
9:17 Double-Bit Axe
9:34 Horse Collar
10:33 Loom
11:31 Wheelbarrow
10:41 Loom
11:34 Wheelbarrow
12:35 Bow Saw
14:14 Heavy Plow
17:23 Stone Mining
18:22 Gold Mining
24:23 Imperial Age
21:58 Fletching
22:08 Padded Archer Armor
22:17 Town Watch
22:38 Bodkin Arrow
23:18 Hand Cart
24:49 Ballistics
26:12 Chemistry
24:56 Elite Elephant Archer
26:37 Bracer
26:53 Leather Archer Armor
27:16 Paiks
27:32 Conscription
29:47 Ring Archer Armor
31:12 Masonry
30:58 Murder Holes
31:14 Town Patrol
38:49 Devotion
peglegstripper
4:51 Double-Bit Axe
4:51 Horse Collar
8:40 Feudal Age
12:24 Castle Age
10:51 Bow Saw
10:53 Loom
12:05 Gold Mining
14:10 Scale Barding Armor
14:12 Husbandry
15:38 Forging
21:36 Wheelbarrow
23:41 Heavy Plow
24:13 Stone Mining
27:34 Gold Shaft Mining
29:59 Imperial Age
28:33 Two-Man Saw
29:40 Padded Archer Armor
30:31 Hand Cart
31:43 Chemistry
31:30 Conscription
31:18 Burgundian Vineyards
32:29 Leather Archer Armor
32:08 Fletching
33:31 Town Watch
34:56 Chain Barding Armor
34:29 Elite Coustillier
35:57 Iron Casting
37:09 Masonry
37:02 Scale Mail Armor
37:40 Plate Barding Armor
38:59 Bodkin Arrow
45:23 Blast Furnace
EastCoastPhenom
7:28 Feudal Age
7:51 Feudal Age
7:06 Loom
11:37 Castle Age
9:31 Horse Collar
10:33 Double-Bit Axe
10:33 Man-at-Arms
11:52 Scale Mail Armor
11:39 Long Swordsman
17:31 Squires
17:31 Two-Handed Swordsman
18:50 Gambesons
20:19 Chain Mail Armor
21:51 Forging
21:51 Pikeman
23:12 Wheelbarrow
26:03 Bow Saw
26:22 Heavy Plow
30:58 Imperial Age
30:14 Iron Casting
30:24 Fortified Wall
31:53 Hand Cart
32:19 Plate Mail Armor
31:26 Halberdier
32:35 Stone Mining
34:06 Conscription
35:33 Blast Furnace
34:53 Town Watch
35:18 Gold Mining
35:37 Arson
35:32 Champion
37:26 Capped Ram
38:17 Fereters
38:49 Hoardings
39:51 Gold Shaft Mining
39:14 Siege Ram
Connection lost

Rejoining the realm…

Still unreachable

The connection could not be restored.

Session expired

The server has moved on; the page needs a fresh start.